 Dungeon Crawl Stone Soup version 0.24-a0-416-g56ce5178b7 (webtiles) character file.

Game seed: 15657261992633379065

3021 KristoblXynda the Thaumaturge (level 9, -6/45 HPs)
             Began as a Deep Elf Conjurer on June 8, 2019.
             Was a Follower of Vehumet.
             Mangled by a yak (11 damage)
             ... on level 6 of the Dungeon.
             The game lasted 00:22:27 (10263 turns).

KristoblXynda the Thaumaturge (Deep Elf Conjurer)  Turns: 10263, Time: 00:22:28

Health: -6/45      AC:  9    Str:  8    XL:     9   Next: 55%
Magic:  2/34       EV: 14    Int: 24    God:    Vehumet [*.....]
Gold:   269        SH:  0    Dex: 15    Spells: 21/29 levels left

rFire    . . .     SeeInvis .   u - +4 spear (freeze) (curse)
rCold    + . .     Gourm    .   (no shield)
rNeg     . . .     Faith    +   a - +1 leather armour {rC+}
rPois    .         Spirit   .   (no helmet)
rElec    .         Reflect  .   (no cloak)
rCorr    .         Harm     .   e - +2 pair of gloves {Str+3}
MR       .....                  p - +1 pair of boots
Stlth    ++........             b - amulet of faith
HPRegen  0.15/turn              A - ring of magical power
MPRegen  0.24/turn              (no ring)

@: no status effects
A: no striking features
a: Renounce Religion


You were on level 6 of the Dungeon.
You worshipped Vehumet.
Vehumet was aware of your devotion.
You were hungry.

You visited 2 branches of the dungeon, and saw 7 of its levels.
You also visited: Ossuary.

You collected 269 gold pieces.

Inventory:

Hand Weapons
 u - a cursed +4 spear of freezing (weapon)
Armour
 a - a +1 leather armour of cold resistance (worn)
 e - a +2 pair of gloves of strength (worn)
 p - a +1 pair of boots (worn)
 q - a cursed +0 buckler
 x - the +2 ring mail "Peryez" {*Drain MR+++, unknown}
   (You found it on level 6 of the Dungeon)

   It affects your resistance to hostile enchantments.
   It causes draining when unequipped.
Jewellery
 b - an amulet of faith (around neck)
 n - an uncursed ring of flight
 A - a ring of magical power (left hand)
Wands
 r - a wand of paralysis (9)
 s - a wand of iceblast (9)
 z - a wand of polymorph (10)
Scrolls
 h - a scroll of identify
 i - 2 scrolls of blinking
 k - 2 scrolls of amnesia
 l - a scroll of remove curse
 t - a scroll of fog
 y - 2 scrolls of fear
Potions
 d - 4 potions of agility
 f - a potion of flight
 g - 2 potions of haste
 j - 8 potions of curing
 m - a potion of might {unknown}
 o - a potion of lignification {unknown}
 v - a potion of cancellation
 w - a potion of mutation
 B - a potion of ambrosia
Comestibles
 c - 5 rations


   Skills:
 - Level 3.2 Armour
 - Level 5.6 Dodging
 - Level 2.4 Stealth
 + Level 3.1 Shields
 + Level 10.7 Spellcasting
 + Level 9.7 Conjurations


You had 21 spell levels left.
You knew the following spells:

 Your Spells              Type           Power        Failure   Level  Hunger
a - Magic Dart            Conj           ####         1%          1    None
b - Dazzling Spray        Conj/Hex       #####.       2%          3    None
c - Iskenderun's Mystic   Conj           ######..     1%          4    None

Your spell library contained the following spells:

 Spells                   Type           Power        Failure   Level  Hunger
 Flame Tongue             Conj/Fire      #####        1%          1    None
 Searing Ray              Conj           ######       1%          2    None
 Force Lance              Conj/Tloc      #####...     10%         4    None
 Fulminant Prism          Conj/Hex       #####.....   10%         4    None


Dungeon Overview and Level Annotations

Branches:
Dungeon (6/15)             Temple (1/1) D:5

Altars:
Ashenzari
Cheibriados
Dithmenos
Elyvilon
Fedhas
Gozag
Hepliaklqana
Kikubaaqudgha
Makhleb
Nemelex Xobeh
Okawaru
Qazlal
Ru
Sif Muna
Trog
Uskayaw
Vehumet
Wu Jian
Xom
Yredelemnul
Zin
The Shining One


Message History

You kill the yak!
Vehumet accepts your kill.
Your Shields skill increases to level 3!
The orb of energy explodes!
The mystic blast hits the yak!
The yak is moderately wounded.
Casting: Iskenderun's Mystic Blast (safe; 1% risk of failure)
Confirm with . or Enter, or press ? or * to list all spells.
Aiming: Iskenderun's Mystic Blast (safe; 1% risk of failure)
Press: ? - help, Shift-Dir - straight line, f - yak
Aim: a yak (moderately wounded)
The orb of energy hits the yak!
The yak is heavily wounded.
You hit the yak. You freeze the yak.
The yak is severely wounded.
The yak gores you. The yak gores you!
* * * LOW HITPOINT WARNING * * *
You hit the yak. You freeze the yak.
The yak is almost dead.
The yak gores you!
You die...

#.#.'.#.⌠.#.⌠.#..._.
#.#.'..#.#.#.#.#.⌠.⌠
#.###.⌠.#.⌠.#.⌠.#...
#.# ##.#.#.#(#.#.#.#
#.# ##...#.⌠.#.⌠.##
#.# ######.#.#.###
#.# ########.
#.######### ##
#.?@Y......
###########


You could see a yak.

Vanquished Creatures
  4 yaks (D:6)
  Duvessa (D:5)
  An orc warrior (D:6)
  An ice beast (D:6)
  A sky beast (D:6)
  Blork the orc (D:6)
  A gnoll sergeant (D:6)
  Dowan (D:5)
  6 scorpions (Ossuary)
  13 wights (D:6)
  2 vampire bats (D:6)
  A crimson imp (D:6)
  A bullfrog zombie (D:5)
  2 human zombies (Ossuary)
  A jelly (D:6)
  A bullfrog skeleton (D:6)
  A hound (D:6)
  4 iguanas
  7 orc wizards
  6 worker ants
  3 mummies (Ossuary)
  7 gnolls
  3 scorpion zombies (Ossuary)
  4 adders
  2 howler monkey skeletons
  4 worms
  A dart slug (D:1)
  5 leopard geckos
  21 orcs
  2 ball pythons
  8 bats
  4 bat skeletons (D:6)
  A bat zombie (D:6)
  9 giant cockroaches
  5 gnoll zombies (Ossuary)
  6 hobgoblins
  10 jackals
  6 kobolds
  3 quokkas
  4 frilled lizards
  6 goblins
  2 goblin zombies (Ossuary)
  2 hobgoblin zombies (Ossuary)
  A leopard gecko skeleton (D:5)
  3 orc zombies (Ossuary)
  11 rats
  2 rat zombies (D:4)
191 creatures vanquished.

Notes
Turn   | Place    | Note
-------+----------+-------------------------------------------
     0 | D:1      | KristoblXynda the Deep Elf Conjurer began the quest for the
                  | Orb.
     0 | D:1      | Reached XP level 1. HP: 10/10 MP: 6/6
   133 | D:1      | Reached XP level 2. HP: 15/15 MP: 3/8
   792 | D:1      | Reached skill level 4 in Spellcasting
  1002 | D:1      | Reached skill level 5 in Conjurations
  1002 | D:1      | Reached XP level 3. HP: 19/19 MP: 4/10
  2127 | D:2      | Found a blossoming altar of Fedhas.
  2141 | D:2      | Reached XP level 4. HP: 24/24 MP: 0/12
  2902 | D:3      | Reached skill level 5 in Spellcasting
  3145 | D:3      | Learned a level 3 spell: Dazzling Spray
  3150 | D:3      | Learned a level 4 spell: Iskenderun's Mystic Blast
  3394 | D:4      | Reached XP level 5. HP: 21/28 MP: 2/14
  3443 | D:4      | Found a sand-covered staircase.
  3462 | Ossuary  | Entered an ossuary
  3630 | Ossuary  | Reached skill level 1 in Armour
  3903 | Ossuary  | Reached skill level 6 in Spellcasting
  3903 | Ossuary  | Reached XP level 6. HP: 24/32 MP: 3/17
  5130 | Ossuary  | Reached XP level 7. HP: 19/36 MP: 7/19
  5677 | D:4      | Identified a scroll of acquirement
  5816 | D:4      | Reached skill level 7 in Spellcasting
  6852 | D:4      | Found an iron altar of Okawaru.
  6856 | D:4      | Found a shattered altar of Ashenzari.
  6984 | D:4      | Found a glowing golden altar of the Shining One.
  6987 | D:4      | Found a white marble altar of Elyvilon.
  6988 | D:4      | Found a glowing silver altar of Zin.
  7085 | D:4      | Found a basalt altar of Yredelemnul.
  7187 | D:5      | Entered Level 5 of the Dungeon
  7467 | D:5      | Found an opulent altar of Gozag.
  7467 | D:5      | Found a bloodstained altar of Trog.
  7603 | D:5      | Found a staircase to the Ecumenical Temple.
  7606 | D:5      | Noticed Dowan
  7607 | D:5      | Noticed Duvessa
  7637 | D:5      | Killed Duvessa
  7638 | D:5      | Killed Dowan
  7638 | D:5      | Reached skill level 8 in Spellcasting
  7638 | D:5      | Reached XP level 8. HP: 27/41 MP: 4/22
  7862 | Temple   | Entered the Ecumenical Temple
  7880 | Temple   | Became a worshipper of Vehumet
  8601 | D:6      | Reached skill level 5 in Dodging
  8601 | D:6      | Reached skill level 9 in Spellcasting
  9107 | D:6      | Reached * piety under Vehumet
  9107 | D:6      | Offered knowledge of Flame Tongue by Vehumet.
  9127 | D:6      | Reached skill level 1 in Shields
  9130 | D:6      | Reached XP level 9. HP: 18/45 MP: 7/24
  9682 | D:6      | Found a hide-covered altar of Uskayaw.
  9683 | D:6      | Found a sparkling altar of Nemelex Xobeh.
  9783 | D:6      | Noticed Blork the orc
  9789 | D:6      | Killed Blork the orc
  9878 | D:6      | Reached skill level 10 in Spellcasting
 10199 | D:6      | Got a translucent ring mail
 10211 | D:6      | Found an ancient bone altar of Kikubaaqudgha.
 10263 | D:6      | Mangled by a yak

Levels and vault maps discovered:
D:1:      scummos_arrival_simple_crosswalls, layout_loops_corners,
          palyth_stone_intersect, minmay_3d_cube
D:2:      layout_loops_ring, old_standard_altar, first_ration
D:3:      layout_basic
D:4:      layout_rooms, good_gods_temple_1, lemuel_crystal_altar,
          kennysheep_mini, ashenzari_conservatory_becter, enter_ossuary_4,
          serial_curves, eino_curves_01, eino_curves_04, eino_curves_04
D:5:      layout_basic, gammafunk_temple_overflow_wave,
          minmay_temple_entry_grid, eino_tiny_chamber, uniq_duvessa
D:6:      layout_basic, kennysheep_vampire_church,
          chequers_temple_overflow_statue_of_worship,
          wad_floor_pattern_untrapped, chequers_serial_rivers_small_b,
          minmay_misc_feat_five, uniq_blork_the_orc
Temple:   zaba_magenta_temple

Skill      XL: |  1  2  3  4  5  6  7  8  9 |
---------------+----------------------------+-----
Spellcasting   | 4 5 6 8 9 10 | 10.7
Conjurations   | 5 6 7 8 9 |  9.7
Armour         | 1 2 3 |  3.2
Dodging        | 3 5 |  5.6
Shields        | 1 3 |  3.1
Stealth        | |  2.4

Action                   |  1- 3 |  4- 6 |  7- 9 || total
-------------------------+-------+-------+-------++-------
Melee: Unarmed           |     6 |       |       ||     6
       Long sword        |     4 |     1 |       ||     5
       Spear             |       |    57 |   150 ||   207
 Cast: Magic Dart        |    91 |   106 |    40 ||   237
       Iskenderun's Myst |       |    16 |    67 ||    83
       Dazzling Spray    |       |       |     2 ||     2
  Use: Scroll            |       |    12 |    11 ||    23
       Potion            |       |     3 |     1 ||     4
 Stab: Sleeping          |     1 |       |     4 ||     5
  Eat: Chunk             |     3 |     4 |    12 ||    19
       Ration            |       |     3 |     1 ||     4
Armor: Robe              |     5 |    15 |     1 ||    21
       Leather armour    |       |       |    77 ||    77
Dodge: Dodged            |    19 |    54 |   120 ||   193
       Rpst.: Long sword |     3 |       |       ||     3

Table legend:
 A = Non-vault XP
 B = Vault XP
 C = Vault XP percentage of total XP
 D = Non-vault monster count
 E = Vault monster count
 F = Vault count percentage of total count
                 A         B        C        D         E       F
            +---------+---------+-------+---------+---------+-------
      Total |    3269 |    1047 |  24.3 |     150 |      41 |  21.5
            +---------+---------+-------+---------+---------+-------
        D:1 |      48 |       6 |  11.1 |      25 |       3 |  10.7
        D:2 |      47 |       0 |   0.0 |      26 |       0 |   0.0
        D:3 |      84 |       0 |   0.0 |      17 |       0 |   0.0
        D:4 |     377 |       2 |   0.5 |      28 |       2 |   6.7
        D:5 |     190 |     223 |  54.0 |      13 |       2 |  13.3
        D:6 |    2523 |     223 |   8.1 |      41 |       8 |  16.3
    Ossuary |       0 |     593 | 100.0 |       0 |      26 | 100.0
            +---------+---------+-------+---------+---------+-------
